 Dungeon Crawl Stone Soup version 0.25-a0-589-g1e14c549ee (webtiles) character file.

Game seed: 5235877740733910858, levelgen mode: deterministic

483 Eurus the Conjurer (level 6, -5/46 HPs)
             Began as a Mummy Conjurer on Mar 9, 2020.
             Shot with an arrow by a centaur (7 damage)
             ... on level 5 of the Dungeon.
             The game lasted 00:07:45 (4555 turns).

Eurus the Conjurer (Mummy Conjurer)                 Turns: 4555, Time: 00:07:45

Health: -5/46      AC:  3    Str: 12    XL:     6   Next: 88%
Magic:  9/13       EV: 12    Int: 16    God:
Gold:   243        SH:  0    Dex: 12    Spells: 12/15 levels left

rFire    x . .     SeeInvis .   d - +0 dagger
rCold    + . .     Gourm    .   (no shield)
rNeg     + + +     Faith    .   a - +0 robe
rPois    ∞         Spirit   .   (no helmet)
rElec    .         Reflect  .   (no cloak)
rCorr    .         Harm     .   o - +0 pair of gloves
MR       .....                  (no boots)
Stlth    ++........             (no amulet)
HPRegen  0.15/turn              (no ring)
MPRegen  0.13/turn              (no ring)

@: no status effects
A: no food or potions, fire vulnerability, cold resistance 1, negative energy
resistance 3, torment resistance, unbreathing
a: no special abilities


You were on level 5 of the Dungeon.
You were not hungry.

You visited 1 branch of the dungeon, and saw 5 of its levels.

You collected 243 gold pieces.

Inventory:

Hand Weapons
 d - a +0 dagger (weapon)
 f - a +2 whip of venom
Armour
 a - a +0 robe (worn)
 o - a +0 pair of gloves (worn)
Jewellery
 c - an uncursed ring of ice {unknown}
 e - a +3 ring of dexterity {unknown}
 r - an uncursed ring of flight {unknown}
Wands
 j - a wand of disintegration (8)
Scrolls
 b - 8 scrolls of identify {unknown}
 g - a scroll of immolation {unknown}
 h - 3 scrolls of remove curse {unknown}
 i - 3 scrolls of teleportation {unknown}
 k - a scroll of blinking {unknown}
 l - 2 scrolls of fog {unknown}
 m - a scroll of enchant weapon {unknown}
 n - a scroll of enchant armour {unknown}
 p - a scroll of amnesia {unknown}
 q - a scroll of magic mapping {unknown}


   Skills:
 + Level 2.7 Fighting
 - Level 1.5 Dodging
 - Level 1.5 Stealth
 + Level 5.2 Spellcasting
 * Level 5.5 Conjurations


You had 12 spell levels left.
You knew the following spells:

 Your Spells              Type           Power        Failure   Level  Hunger
a - Magic Dart            Conj           ###.         1%          1    N/A
b - Searing Ray           Conj           ###...       2%          2    N/A

Your spell library contained the following spells:

 Spells                   Type           Power        Failure   Level  Hunger
 Dazzling Flash           Conj/Hex       ##....       14%         3    N/A
 Fulminant Prism          Conj/Hex       ##........   43%         4    N/A
 Iskenderun's Mystic Bla  Conj/Tloc      ##......     43%         4    N/A

Dungeon Overview and Level Annotations

Branches:
Dungeon (5/15)
 Temple: D:4-7

Altars:
Makhleb
Uskayaw
Xom
Zin

Annotations:
D:2 Sigmund
D:3 Purgy


Innate Abilities, Weirdness & Mutations

You do not eat or drink.
Your flesh is vulnerable to fire.
You are immune to poison.
Your flesh is cold resistant. (rC+)
You are immune to negative energy. (rN+++)
You are immune to unholy pain and torment.
You can survive without breathing.


Message History

Found a stone staircase leading down.
Casting: Searing Ray (safe; 2% risk of failure)
Confirm with . or Enter, or press ? or * to list all spells.
Aiming: Searing Ray (safe; 2% risk of failure)
Press: ? - help, Shift-Dir - straight line, f - centaur
Aim: a centaur, wielding a +0 shortbow and quivering 13 arrows The searing ray hits the centaur.
The centaur is moderately wounded. (Press . to maintain the ray.)
The centaur shoots an arrow.
The arrow hits you!
The centaur shoots an arrow.
The arrow hits you!
* * * LOW HITPOINT WARNING * * *
The searing ray hits the centaur.
The centaur is moderately wounded.
The centaur shoots an arrow.
The arrow hits you!
* * * LOW HITPOINT WARNING * * *
The searing ray hits the centaur.
The centaur is severely wounded.
The centaur shoots an arrow.
The arrow hits you!
You die...

#.....#..#...........(.
#.....#..#.............
#...(.#..##+#######....
#.....#...........#....
#.....#...........#....
+#.....#####'###...#....
..............# #####
....c.........#
>......@......#
..............#
........<(....##
#......####....# #......
#....# #...... #....#
#...... #....## #######
#.....# #.....#


You could see a centaur.

Vanquished Creatures
  An ice beast (D:4)
  2 ogres
  An orc priest (D:5)
  An orc wizard (D:4)
  An iguana (D:4)
  A worker ant (D:4)
  A howler monkey zombie (D:5)
  4 adders
  An ooze (D:3)
  3 worms
  10 orcs
  5 bats
  2 giant cockroaches
  6 goblins
  A hobgoblin (D:3)
  A quokka (D:3)
  2 ball pythons (D:1)
  2 frilled lizards
  2 kobolds
  2 leopard gecko skeletons (D:4)
  A quokka skeleton (D:4)
  9 rats
59 creatures vanquished.

Notes
Turn   | Place    | Note
-------+----------+-------------------------------------------
     0 | D:1      | Eurus the Mummy Conjurer began the quest for the Orb.
     0 | D:1      | Reached XP level 1. HP: 13/13 MP: 4/4
   361 | D:1      | Reached XP level 2. HP: 19/19 MP: 1/6
   369 | D:1      | Learned a level 2 spell: Searing Ray
   805 | D:2      | Reached XP level 3. HP: 17/24 MP: 0/7
   950 | D:2      | Noticed Sigmund
  1311 | D:2      | Found a shimmering altar of Xom.
  1576 | D:3      | Found a glowing silver altar of Zin.
  1916 | D:3      | Reached XP level 4. HP: 30/30 MP: 4/9
  2162 | D:3      | Noticed Purgy
  2376 | D:3      | Found a faded altar of an unknown god.
  2648 | D:4      | Noticed an ogre
  2724 | D:4      | Noticed an ice beast
  2739 | D:4      | Killed an ice beast
  2739 | D:4      | Reached skill level 1 in Fighting
  2739 | D:4      | Reached XP level 5. HP: 6/37 MP: 0/11
  3116 | D:4      | Noticed an orc warrior
  3617 | D:4      | Reached skill level 5 in Conjurations
  3680 | D:4      | Reached XP level 6. HP: 27/44 MP: 7/13
  4106 | D:5      | Entered Level 5 of the Dungeon
  4106 | D:5      | Found a burning altar of Makhleb.
  4142 | D:5      | Reached skill level 5 in Spellcasting
  4215 | D:5      | Found a hide-covered altar of Uskayaw.
  4554 | D:5      | HP: 2/46 [centaur/arrow (8)]
  4555 | D:5      | Shot with an arrow by a centaur

Levels and vault maps discovered:
D:1:      dpeg_arrival_water_temple_mockup, layout_basic
D:2:      layout_basic, nicolae_overflow_crystal_walls, roderic_lattice_a,
          uniq_sigmund
D:3:      layout_basic, zin_treasury, first_ration,
          chequers_ecumenical_altar_grove, uniq_purgy
D:4:      layout_rooms
D:5:      layout_gridville, overflow_temple_1_default,
          overflow_temple_1_default, serial_shops, shop, lemuel_altar_in_water

Skill      XL: |  1  2  3  4  5  6 |
---------------+-------------------+-----
Spellcasting   | 3 4 5 |  5.2
Conjurations   | 4 5 |  5.5
Fighting       | 1 2 |  2.7
Dodging        | |  1.5
Stealth        | |  1.5

Action                   |  1- 3 |  4- 6 || total
-------------------------+-------+-------++-------
Melee: Unarmed           |     6 |       ||     6
       Dagger            |    12 |    18 ||    30
 Cast: Magic Dart        |    40 |    13 ||    53
       Searing Ray       |     3 |    20 ||    23
Armor: Robe              |     3 |     2 ||     5
Dodge: Dodged            |    11 |    15 ||    26

Table legend:
 A = Non-vault XP
 B = Vault XP
 C = Vault XP percentage of total XP
 D = Non-vault monster count
 E = Vault monster count
 F = Vault count percentage of total count
                 A         B        C        D         E       F
            +---------+---------+-------+---------+---------+-------
      Total |     691 |       0 |   0.0 |      59 |       0 |   0.0
            +---------+---------+-------+---------+---------+-------
        D:1 |      25 |       0 |   0.0 |      18 |       0 |   0.0
        D:2 |      44 |       0 |   0.0 |       7 |       0 |   0.0
        D:3 |      43 |       0 |   0.0 |      11 |       0 |   0.0
        D:4 |     394 |       0 |   0.0 |      16 |       0 |   0.0
        D:5 |     185 |       0 |   0.0 |       7 |       0 |   0.0
            +---------+---------+-------+---------+---------+-------
